 Dungeon Crawl Stone Soup version 0.30.0-20-g3615ddf2f0 (webtiles) character file.

Game seed: 15921239982090644144

840 qw the Chopper (level 8, -7/49 HPs)
             Began as a Gargoyle Fighter on June 1, 2023.
             Engulfed by a cloud of flame (18 damage)
             ... on level 5 of the Dungeon.
             The game lasted 00:02:14 (4769 turns).

qw the Chopper (Gargoyle Fighter)                   Turns: 4769, Time: 00:02:15

Health: -7/49      AC: 21    Str: 22    XL:     8   Next: 0%
Magic:  8/8        EV: 11    Int:  9    God:
Gold:   222        SH:  4    Dex:  9    Spells: 7/7 levels left

rFire   . . .        Y - +0 war axe
rCold   . . .        c - +0 buckler
rNeg    + . .        p - +0 plate armour
rPois   inf          i - +0 helmet
rElec   +            f - +0 cloak
rCorr   .            (no gloves)
SInv    +            e - +0 pair of boots
Will    .....        n - amulet of regeneration Stlth
                     j - +5 ring of evasion
HPRegen 0.28/turn    k - ring of see invisible
MPRegen 0.11/turn

%: no passive effects
@: no status effects
A: sickness immunity, AC +5, negative energy resistance 1, electricity
resistance, torment resistance 1, petrification resistance
a: no special abilities


You were on level 5 of the Dungeon.
You visited 1 branch of the dungeon, and saw 5 of its levels.

You collected 326 gold pieces.
You spent 104 gold pieces at shops.


Innate Abilities, Weirdness & Mutations

You are immune to sickness and miasma.
Your stone body is resilient. (AC +5)
You are immune to poison.
You resist negative energy. (rN+)
You are resistant to electric shocks. (rElec)
You are resistant to unholy torment.
You are immune to petrification.


   Skills:
 - Level 5.0 Fighting
 - Level 7.2 Axes
 - Level 4.1 Armour
 + Level 0.0 Dodging
 - Level 3.2 Shields


You had 7 spell levels left.
You didn't know any spells.
Your spell library was empty.

Inventory:

Hand Weapons
 o - a +2 heavy flail
 Y - a +0 war axe (weapon)
Missiles
 m - 3 boomerangs (quivered)
Armour
 c - a +0 buckler (worn)
 e - a +0 pair of boots (worn)
 f - a +0 cloak (worn)
 i - a +0 helmet (worn)
 p - a +0 plate armour (worn)
Jewellery
 j - a +5 ring of evasion (left hand)
 k - a ring of see invisible (right hand)
 n - an amulet of regeneration (around neck)
Scrolls
 g - a scroll of teleportation
 l - a scroll of identify
Potions
 a - 2 potions of lignification
 d - a potion of might
 h - a potion of invisibility {unknown}

Dungeon Overview and Level Annotations

Branches:
Dungeon (5/15)
 Temple: D:4-7

Altars:
Vehumet

Shops:
D:3 [?


Message History

Enter note:
Enter note:
Enter note:
Enter note:
Enter note:
Enter note:
Enter note:
Enter note:
Enter note:
Enter note:
Enter note:
Enter note:
Enter note:
Enter note:
Enter note:
Enter note:
Enter note:
4767 ||| READING scroll labelled HETZENKALUO.
As you read the scroll labelled HETZENKALUO, it crumbles to dust.
You hear a loud clanging noise!
It was a scroll of noise.
You are engulfed in blazing flames.
Enter note:
Enter note:
Enter note:
Enter note:
Enter note:
Enter note:
Enter note:
Enter note:
Enter note:
Enter note:
Enter note:
Enter note:
Enter note:
Enter note:
Enter note: You are engulfed in blazing flames.
You are engulfed in blazing flames.
You die...

##......#.......
#.0.0.####......
######..0.##.......
#....0.0....#......
#.####0####....####
#.# #.# #....## #
#0# #0## #.....###
#0#########......##
#0@¤¤#8#0..........
#0#########.#.###..
#0# #.## #...####.
#.# .# #.#..# #.
#.####.####(##.###.
#.......... #...##.
##.#..##### #..###.
#......#####..###.
######........#...


There were no monsters in sight!

Vanquished Creatures
  Grinder (D:5)
  Sigmund (D:5)
  An ogre (D:5)
  A phantom (D:4)
  A jelly (D:4)
  3 orc priests
  A sleepcap (D:5)
  An iguana (D:5)
  An orc wizard (D:5)
  An adder (D:4)
  An ufetubus (D:5)
  4 worms
  3 dart slugs
  7 orcs
  6 ball pythons
  4 endoplasms
  5 giant cockroaches
  6 goblins
  8 hobgoblins
  6 jackals
  A quokka (D:1)
  13 bats
  4 frilled lizards
  5 kobolds
  8 rats
93 creatures vanquished.

Notes
Turn   | Place    | Note
-------+----------+-------------------------------------------
     0 | D:1      | qw the Gargoyle Fighter began the quest for the Orb.
     0 | D:1      | Reached XP level 1. HP: 14/14 MP: 1/1
     0 | D:1      | 0 ||| qw: Version: 0.2-a-102-gfc559e5
     0 | D:1      | 0 ||| qw: Game counter: 638
     0 | D:1      | 0 ||| qw: Always use a shield: true
     0 | D:1      | 0 ||| qw: God list: Okawaru
     0 | D:1      | 0 ||| qw: Allow faded altars: false
     0 | D:1      | 0 ||| qw: Do Orc after D:15 true
     0 | D:1      | 0 ||| qw: Do second Lair branch before Depths: true
     0 | D:1      | 0 ||| qw: Lair rune preference: random
     0 | D:1      | 0 ||| qw: Plans: Normal, Zot:1-4, Slime:5, God:TSO, Crypt,
                  | Tomb, Pan, Hells, Abyss, Win
     0 | D:1      | 0 ||| PLANNING D:1-11
    43 | D:1      | 43 ||| Stepping ~*~*~tactically~*~*~ (stealth).
    48 | D:1      | Reached skill level 2 in Axes
    74 | D:1      | 74 ||| Stepping ~*~*~tactically~*~*~ (stealth).
   106 | D:1      | Reached XP level 2. HP: 19/19 MP: 2/2
   420 | D:1      | Reached skill level 3 in Axes
   524 | D:1      | Reached XP level 3. HP: 23/23 MP: 3/3
   700 | D:1      | 700 ||| UPGRADING to +0 pair of boots.
   705 | D:1      | 705 ||| UPGRADING to +0 cloak.
   710 | D:1      | 710 ||| UPGRADING to +0 plate armour.
   720 | D:1      | 720 ||| DROPPING +0 scale mail.
   721 | D:1      | 721 ||| UPGRADING to +5 ring of evasion.
   722 | D:1      | 722 ||| UPGRADING to ring of see invisible.
   723 | D:1      | 723 ||| READING scroll labelled XEMAOZA EMPOLESH.
   724 | D:1      | 724 ||| READING scroll labelled XORU XESUNUO.
   725 | D:1      | 725 ||| READING scroll labelled POL KYNOLAHOZ.
   726 | D:1      | 726 ||| READING scroll labelled KAG DOCWABB.
   790 | D:2      | 790 ||| Stepping ~*~*~tactically~*~*~ (stealth).
   791 | D:2      | 791 ||| Stepping ~*~*~tactically~*~*~ (stealth).
   820 | D:2      | 820 ||| Stepping ~*~*~tactically~*~*~ (stealth).
   923 | D:2      | 923 ||| Stepping ~*~*~tactically~*~*~ (hiding).
  1256 | D:2      | 1256 ||| Stepping ~*~*~tactically~*~*~ (stealth).
  1841 | D:2      | 1841 ||| DRINKING 3 cyan potions.
  1842 | D:2      | 1842 ||| DROPPING 2 potions of degeneration.
  1967 | D:3      | Reached XP level 4. HP: 28/28 MP: 4/4
  1977 | D:3      | 1977 ||| Stepping ~*~*~tactically~*~*~ (stealth).
  2058 | D:3      | 2058 ||| Stepping ~*~*~tactically~*~*~ (hiding).
  2084 | D:3      | 2084 ||| Stepping ~*~*~tactically~*~*~ (hiding).
  2090 | D:3      | Reached skill level 4 in Axes
  2236 | D:3      | HP: 3/28 [orc priest/divine providence (11)]
  2237 | D:3      | 2237 ||| READING scroll of teleportation.
  2343 | D:3      | Found Ituc's Antique Armour Shoppe.
  2359 | D:3      | 2359 ||| SHOPLISTING runed chain mail (180 gold, have 135).
  2367 | D:3      | Found Zithrajudd's Magic Scroll Boutique.
  2376 | D:3      | 2376 ||| BUYING scroll of identify (26 gold).
  2376 | D:3      | Bought a scroll of identify for 26 gold pieces
  2376 | D:3      | 2376 ||| BUYING scroll of identify (26 gold).
  2376 | D:3      | Bought a scroll of identify for 26 gold pieces
  2376 | D:3      | 2376 ||| BUYING scroll of identify (26 gold).
  2376 | D:3      | Bought a scroll of identify for 26 gold pieces
  2376 | D:3      | 2376 ||| BUYING scroll of identify (26 gold).
  2376 | D:3      | Bought a scroll of identify for 26 gold pieces
  2630 | D:3      | 2630 ||| Stepping ~*~*~tactically~*~*~ (hiding).
  2632 | D:3      | 2632 ||| Stepping ~*~*~tactically~*~*~ (hiding).
  2639 | D:3      | Reached XP level 5. HP: 32/32 MP: 5/5
  2967 | D:3      | 2967 ||| READING scroll labelled BITTYTHR FUURHA.
  2968 | D:3      | 2968 ||| READING scroll labelled YBOFAYCEAC.
  2976 | D:3      | 2976 ||| DRINKING 2 sedimented purple potions.
  2977 | D:3      | 2977 ||| READING 6 scrolls of identify.
  2977 | D:3      | 2977 ||| IDENTIFYING bubbling grey potion
  2978 | D:3      | 2978 ||| READING 5 scrolls of identify.
  2978 | D:3      | 2978 ||| IDENTIFYING viscous green potion
  2979 | D:3      | 2979 ||| READING 4 scrolls of identify.
  2979 | D:3      | 2979 ||| IDENTIFYING bubbling red potion
  2980 | D:3      | 2980 ||| READING 3 scrolls of identify.
  2980 | D:3      | 2980 ||| IDENTIFYING blue potion
  2981 | D:3      | 2981 ||| READING 2 scrolls of identify.
  2981 | D:3      | 2981 ||| IDENTIFYING sapphire potion
  2982 | D:3      | 2982 ||| DROPPING potion of brilliance.
  2983 | D:3      | 2983 ||| DROPPING potion of berserk rage.
  2984 | D:3      | 2984 ||| DROPPING potion of flight.
  3019 | D:4      | 3019 ||| Stepping ~*~*~tactically~*~*~ (stealth).
  3070 | D:4      | 3070 ||| Stepping ~*~*~tactically~*~*~ (hiding).
  3303 | D:4      | Reached skill level 5 in Axes
  3320 | D:4      | 3320 ||| DRINKING potion of cancellation.
  3461 | D:4      | Noticed a phantom
  3487 | D:4      | Killed a phantom
  3488 | D:4      | Reached XP level 6. HP: 39/39 MP: 6/6
  3989 | D:4      | 3989 ||| READING scroll labelled FEGONKEODI.
  3990 | D:4      | 3990 ||| READING 2 scrolls labelled LIUSEI OHYZUN.
  3991 | D:4      | 3991 ||| DROPPING scroll of vulnerability.
  4012 | D:5      | Entered Level 5 of the Dungeon
  4013 | D:5      | Noticed Sigmund
  4014 | D:5      | 4014 ||| Stepping ~*~*~tactically~*~*~ (hiding).
  4033 | D:5      | HP: 8/39 [Sigmund/+4 scythe (5)]
  4034 | D:5      | 4034 ||| READING 2 scrolls of teleportation.
  4035 | D:5      | 4035 ||| DRINKING potion of heal wounds.
  4141 | D:5      | Killed Sigmund
  4142 | D:5      | Reached skill level 6 in Axes
  4142 | D:5      | Reached XP level 7. HP: 44/44 MP: 7/7
  4159 | D:5      | Noticed Grinder
  4166 | D:5      | Paralysed by Grinder for 3 turns
  4170 | D:5      | Paralysed by Grinder for 3 turns
  4181 | D:5      | Paralysed by Grinder for 5 turns
  4194 | D:5      | Killed Grinder
  4195 | D:5      | Reached skill level 7 in Axes
  4326 | D:5      | 4326 ||| Stepping ~*~*~tactically~*~*~ (stealth).
  4327 | D:5      | 4327 ||| Stepping ~*~*~tactically~*~*~ (stealth).
  4328 | D:5      | 4328 ||| Stepping ~*~*~tactically~*~*~ (stealth).
  4335 | D:5      | 4335 ||| DROPPING +0 whip.
  4580 | D:5      | Found a radiant altar of Vehumet.
  4589 | D:5      | Reached XP level 8. HP: 49/49 MP: 8/8
  4597 | D:5      | 4597 ||| DROPPING +0 flail.
  4757 | D:5      | 4757 ||| UPGRADING to +0 helmet.
  4762 | D:5      | 4762 ||| UPGRADING to amulet of regeneration.
  4767 | D:5      | 4767 ||| READING scroll labelled HETZENKALUO.
  4768 | D:5      | HP: 11/49 [something (2)]
  4769 | D:5      | Engulfed by a cloud of flame

Levels and vault maps discovered:
D:1:      ncdulo_wetmaze, layout_basic
D:2:      minmay_spotlight, layout_basic
D:3:      layout_loops_ring, serial_shops, nicolae_shop_window_shopping, shop,
          kennysheep_path_1
D:4:      layout_layer_cave
D:5:      layout_cave_pools, vehumet_altar_wand_db, dreamdust_princess_bridge,
          lemuel_flamethrower_2, uniq_sigmund, uniq_grinder

Skill      XL: |  1  2  3  4  5  6  7 |
---------------+----------------------+-----
Axes           | 2 3 4 5 6 7 |  7.2
Fighting       | 4 5 |  5.0
Armour         | 4 |  4.1
Shields        | |  3.2

Action                     |  1- 3 |  4- 6 |  7- 9 || total
---------------------------+-------+-------+-------++-------
  Melee: War axe           |   114 |   163 |    38 ||   315
  Throw: Boomerang         |       |       |     6 ||     6
    Use: Scroll            |     4 |    11 |     1 ||    16
         Potion            |     1 |     3 |       ||     4
 Armour: Scale mail        |    24 |       |       ||    24
         Plate armour      |    32 |   115 |    12 ||   159
  Dodge: Dodged            |    49 |    87 |    13 ||   149
  Block: Buckler           |    16 |    32 |     4 ||    52

Table legend:
 A = Non-vault XP
 B = Vault XP
 C = Vault XP percentage of total XP
 D = Non-vault monster count
 E = Vault monster count
 F = Vault count percentage of total count
                 A         B        C        D         E       F
            +---------+---------+-------+---------+---------+-------
      Total |     677 |     524 |  43.6 |      87 |       6 |   6.5
            +---------+---------+-------+---------+---------+-------
        D:1 |      34 |       0 |   0.0 |      22 |       0 |   0.0
        D:2 |      40 |       6 |  13.0 |      22 |       3 |  12.0
        D:3 |     123 |       0 |   0.0 |      19 |       0 |   0.0
        D:4 |     177 |       0 |   0.0 |       9 |       0 |   0.0
        D:5 |     303 |     518 |  63.1 |      15 |       3 |  16.7
            +---------+---------+-------+---------+---------+-------
